 Dungeon Crawl Stone Soup version 0.19.5 (webtiles) character file.

9065 Haldmier the Carver (level 11, -12/68 HPs)
             Began as a High Elf Skald on Apr 14, 2017.
             Was a Priest of Ashenzari.
             Mangled by a hell knight
             ... wielding a +1 halberd of flaming
              (25 damage)
             ... in a volcano.
             The game lasted 01:04:37 (13665 turns).

Haldmier the Carver (High Elf Skald)               Turns: 13665, Time: 01:04:38

Health: -12/68     AC: 14    Str: 16    XL:     11   Next: 18%
Magic:  4/27       EV: 19    Int: 15    God:    Ashenzari [***...]
Gold:   554        SH:  5    Dex: 17    Spells: 6 memorised, 3 levels left

rFire  . . .     SeeInvis +     a - +1 dagger (speed)
rCold  + . .     Gourm    .     K - +2 ring mail {rC+}
rNeg   . . .     Faith    .     O - +0 buckler "Uklaizur" {Str+2} (curse)
rPois  .         Spirit   .     D - +1 helmet
rElec  .         Reflect  .     (no cloak)
rCorr  .         Harm     .     n - +0 pair of gloves
MR     +....                    H - +1 pair of boots
Stlth  +.........               z - amulet of regeneration (curse)
                                I - +5 ring of evasion (curse)
                                k - ring of magical power

@: infused, regenerating
A: no striking features
a: Curse Item, Scrying, Renounce Religion


You were in a volcano.
You worshipped Ashenzari.
Ashenzari was most pleased with you.
You were hungry.

You visited 3 branches of the dungeon, and saw 12 of its levels.
You also visited: Volcano.

You collected 554 gold pieces.

Inventory:

Hand Weapons
 a - a +1 dagger of speed (weapon)
 b - a +0 blowgun
 v - a +0 falchion
 G - a +1 hunting sling of velocity
 W - a +2 whip of flaming
Missiles
 q - 13 poisoned needles
 r - 5 steel javelins (quivered)
 J - 6 tomahawks
Armour
 n - a +0 pair of gloves (worn)
 D - a +1 helmet (worn)
 H - a +1 pair of boots (worn)
 K - a +2 ring mail of cold resistance (worn)
 M - a +1 robe of fire resistance
 O - the cursed +0 buckler "Uklaizur" (worn) {Str+2}
   (You found it on level 5 of the Dungeon)

   It affects your strength (+2).
   It has a curse placed upon it.
Jewellery
 h - an uncursed ring of magical power
 k - a ring of magical power (left hand)
 z - a cursed amulet of regeneration (around neck)
 C - an uncursed amulet of magic regeneration
 I - a cursed +5 ring of evasion (right hand)
Wands
 N - a wand of polymorph (14/24)
 S - a wand of lightning (0/15)
 V - a wand of flame (8/48)
Scrolls
 f - 3 scrolls of fear
 g - 2 scrolls of fog
 l - a scroll of enchant weapon {unknown}
 x - 3 scrolls of amnesia
 y - 3 scrolls of enchant armour
 E - a scroll of teleportation
 F - a scroll of magic mapping
 L - 3 scrolls of remove curse
 Q - 2 scrolls of noise {unknown}
 T - a scroll of silence {unknown}
Potions
 e - 3 potions of brilliance
 i - a potion of cancellation
 j - 2 potions of invisibility
 p - a potion of ambrosia
 s - 4 potions of flight
 t - a potion of haste
 u - 2 potions of curing
 w - 2 potions of heal wounds
 P - a potion of resistance
 U - a potion of cure mutation
Books
 c - a book of Battle

   Spells                             Type                      Level
   a - Infusion                       Charms                       1
   b - Shroud of Golubria             Charms/Translocation         2
   c - Song of Slaying                Charms                       2
   d - Spectral Weapon                Hexes/Charms                 3
   e - Regeneration                   Charms/Necromancy            3
 o - a book of Debilitation

   Spells                             Type                      Level
   a - Corona                         Hexes                        1
   b - Slow                           Hexes                        2
   c - Gell's Gravitas                Hexes/Translocation          3
   d - Inner Flame                    Hexes/Fire                   3
   e - Cause Fear                     Hexes                        4
   f - Leda's Liquefaction            Hexes/Earth                  4
 R - a book of Necromancy

   Spells                             Type                      Level
   a - Pain                           Necromancy                   1
   b - Animate Skeleton               Necromancy                   1
   c - Vampiric Draining              Necromancy                   3
   d - Regeneration                   Charms/Necromancy            3
   e - Animate Dead                   Necromancy                   4
   f - Control Undead                 Necromancy                   4
Comestibles
 d - 5 bread rations
 m - 7 fruits
 B - 4 meat rations


   Skills:
 + Level 3.8 Fighting
 - Level 10.0 Long Blades
 - Level 5.6 Armour
 + Level 5.5 Dodging
 - Level 3.2(4.9) Shields
 - Level 4.1 Spellcasting
 - Level 8.0(9.9) Hexes
 - Level 9.0(10.8) Charms
 - Level 3.0(4.7) Necromancy
 - Level 4.0(5.7) Translocations


You had 3 spell levels left.
You knew the following spells:

 Your Spells              Type           Power        Failure   Level  Hunger
a - Infusion              Chrm           ####         1%          1    None
b - Shroud of Golubria    Chrm/Tloc      ####......   1%          2    ##.....
c - Spectral Weapon       Hex/Chrm       ####....     1%          3    ###....
d - Regeneration          Chrm/Necr      ####......   4%          3    ###....
e - Slow                  Hex            ####....     1%          2    ##.....
f - Cause Fear            Hex            ####......   8%          4    ####...


Dungeon Overview and Level Annotations

Branches:
Dungeon (10/15)            Temple (1/1) D:4            Lair (1/6) D:10
    Orc: D:9-12

Altars:
Ashenzari
Cheibriados
Dithmenos
Elyvilon
Fedhas
Gozag
Hepliaklqana
Kikubaaqudgha
Makhleb
Nemelex Xobeh
Okawaru
Qazlal
Ru
Sif Muna
Trog
Uskayaw
Vehumet
Xom
Yredelemnul
Zin
The Shining One

Annotations:
D:10 Sonja


Message History

The hell knight hits you with a halberd of flaming!
Your shroud falls apart!
The hell knight burns you.
You take 15 damage, and have 22/68 hp.
MASSIVE DAMAGE!!
You now have 3/27 mp.
You barely miss the hell knight.
The hell knight is moderately wounded.
Your spectral weapon hits the hell knight.
You hit the hell knight but do no damage.
The hell knight is moderately wounded.
Your spectral weapon hits the hell knight.
You hit the hell knight but do no damage.
The hell knight is moderately wounded.
Your spectral weapon hits the hell knight but does no damage.
The hell knight hits you with a halberd of flaming!
* * * LOW HITPOINT WARNING * * *
The hell knight burns you.
* * * LOW HITPOINT WARNING * * *
You take 13 damage, and have 11/68 hp.
The hell knight hits you from afar with a halberd of flaming!!
You die...

,,,,,,,,,,,,*,,,,,,,,,,,,,,,,,,,,
≈≈≈,≈≈≈≈≈≈.......≈≈≈≈≈≈.≈§≈§§≈.§.
≈≈≈≈≈≈≈≈≈§§....§.§§§§≈§≈§§≈≈≈≈§≈.
≈≈≈≈≈≈≈≈≈§≈≈§§≈§≈≈§§≈§§§§≈§≈§≈§≈≈
≈≈≈≈≈≈≈≈≈§§≈≈≈≈§§≈§§§§≈≈≈≈≈≈≈≈§≈§
≈≈≈≈≈≈≈≈≈§§§§§≈≈≈§§§§≈§≈≈≈§≈≈≈≈≈§
≈≈≈≈≈≈≈≈≈≈§§§§≈≈≈§≈§§§≈≈≈≈≈§≈≈≈≈≈
≈≈≈≈≈≈≈≈≈≈≈≈≈≈≈≈≈≈≈§≈§§§≈≈≈§≈≈≈§≈
≈≈≈≈≈≈≈≈≈≈......@)(..§.§...≈≈≈≈≈§
≈≈≈≈≈≈≈≈≈§########p########.≈§≈≈≈
≈≈≈≈≈≈≈≈≈,#......#)#......#.≈§§≈§
≈≈≈≈≈≈≈≈≈,#..$)#.#(#.#![9.#.§≈≈§§
≈≈≈≈≈≈≈≈≈,#.$!$#.#.#.#!?$.#.≈≈≈≈§
≈≈≈≈≈≈≈≈≈,#.$[{#.#.#.#$)$.#.≈≈≈≈≈
≈≈≈≈≈≈≈≈≈,######.#.#.######.≈≈≈≈≈
≈≈≈≈≈≈≈≈≈,#......#(#..9...#.§≈§§§
≈≈≈≈≈≈≈≈≈,*##++###'###''###.≈≈≈§§


You could see a hell knight and a friendly spectral dagger of speed.

Vanquished Creatures
  An ogre mage (Volcano)
  A hill giant (D:10)
  An elephant (D:10)
  A gargoyle (Volcano)
  A troll (D:9)
  A hornet (D:7)
  3 two-headed ogres (Volcano)
  A hippogriff (D:7)
  Prince Ribbit (D:8)
  A yak (D:9)
  A fire bat (Volcano)
  Grum (D:7)
  The ghost of devil0150 the Magician, an amateur HEWz (D:4)
  An orc warrior (D:8)
  3 sky beasts
  3 black bears
  2 necrophages (D:9)
  A phantom (D:9)
  2 ice beasts
  2 wolves (D:7)
  An ogre (D:6)
  5 centaurs
  A crocodile (D:9)
  12 bullfrogs
  15 killer bees
  5 lava snakes (Volcano)
  9 howler monkeys
  4 crimson imps
  A bullfrog zombie (D:8)
  2 centaur zombies
  5 hounds
  4 jellies
  A bullfrog skeleton (D:7)
  A centaur skeleton (D:7)
  5 iguanas
  Natasha (thrice) (D:2)
  10 worker ants
  2 worker ant zombies
  Robin (D:2)
  A howler monkey zombie (D:9)
  13 adders
  5 shadow imps
  An adder skeleton (D:8)
  A worm (D:3)
  A dart slug (D:3)
  5 leopard geckos
  5 orcs
  6 bats
  4 giant cockroaches
  19 goblins
  13 hobgoblins
  7 jackals
  6 quokkas
  A ball python skeleton (D:6)
  6 frilled lizards
  A giant cockroach zombie (D:5)
  A jackal zombie (D:7)
  9 kobolds
  A leopard gecko skeleton (D:4)
  11 rats
233 creatures vanquished.

Vanquished Creatures (others)
  4 spectral weapons
4 creatures vanquished.

Grand Total: 237 creatures vanquished

Notes
Turn   | Place    | Note
-------+----------+-------------------------------------------
     0 | D:1      | Haldmier the High Elf Skald began the quest for the Orb.
     0 | D:1      | Reached XP level 1. HP: 14/14 MP: 4/4
   278 | D:1      | Reached skill level 3 in Long Blades
   458 | D:1      | Reached XP level 2. HP: 19/19 MP: 1/6
   915 | D:1      | Reached skill level 4 in Long Blades
   970 | D:1      | Learned a level 2 spell: Shroud of Golubria
  1124 | D:2      | Noticed Robin
  1144 | D:2      | Reached XP level 3. HP: 23/24 MP: 3/7
  1201 | D:2      | Learned a level 3 spell: Spectral Weapon
  1277 | D:2      | Reached skill level 1 in Translocations
  1316 | D:2      | Killed Robin
  1320 | D:2      | Got a shimmering helmet
  1460 | D:2      | Identified the cursed -2 helmet "Bohep" {Dex+3} (You took it off Robin on level 2 of the Dungeon)
  1595 | D:2      | Reached skill level 1 in Hexes
  1759 | D:2      | Noticed Natasha
  1763 | D:2      | Killed Natasha
  1763 | D:2      | Reached XP level 4. HP: 21/29 MP: 8/8
  2264 | D:2      | Noticed Natasha
  2274 | D:2      | Killed Natasha
  2274 | D:2      | Reached XP level 5. HP: 4/34 MP: 1/9
  3009 | D:2      | Noticed Natasha
  3016 | D:2      | Killed Natasha
  3016 | D:2      | Reached skill level 5 in Long Blades
  3471 | D:3      | Found a bloodstained altar of Trog.
  4028 | D:4      | Reached XP level 6. HP: 34/39 MP: 10/10
  4057 | D:4      | Found a staircase to the Ecumenical Temple.
  4066 | Temple   | Entered the Ecumenical Temple
  4174 | Temple   | Became a worshipper of Ashenzari the Shackled
  4357 | D:4      | Learned a level 3 spell: Regeneration
  4447 | D:4      | Noticed devil0150's ghost (amateur HEWz)
  4682 | D:4      | Killed devil0150's ghost
  4965 | D:4      | Reached skill level 1 in Necromancy
  5003 | D:4      | Found an ancient bone altar of Kikubaaqudgha.
  5003 | D:4      | Found a shadowy altar of Dithmenos.
  5177 | D:5      | Entered Level 5 of the Dungeon
  5216 | D:5      | Reached XP level 7. HP: 31/45 MP: 12/12
  5707 | D:5      | Got the cursed buckler "Uklaizur" {Str+2}
  5795 | D:5      | Reached skill level 1 in Armour
  6107 | D:5      | Identified the cursed +0 buckler "Uklaizur" {Str+2} (You found it on level 5 of the Dungeon)
  6487 | D:6      | Reached skill level 1 in Shields
  6661 | D:6      | Reached skill level 6 in Long Blades
  6868 | D:6      | Reached XP level 8. HP: 50/50 MP: 13/14
  6942 | D:6      | Reached skill level 5 in Charms
  6951 | D:6      | Reached * piety under Ashenzari
  7757 | D:7      | Noticed a hippogriff
  7783 | D:7      | Killed a hippogriff
  8227 | D:7      | Reached skill level 5 in Hexes
  8233 | D:7      | Learned a level 2 spell: Slow
  8267 | D:7      | Reached skill level 7 in Long Blades
  8416 | D:7      | Reached XP level 9. HP: 54/54 MP: 16/16
  8437 | D:7      | Paralysed by a hornet for 3 turns
  8951 | D:8      | Reached ** piety under Ashenzari
  8998 | D:8      | Found a shimmering altar of Xom.
  9109 | D:8      | Noticed Prince Ribbit
  9123 | D:8      | Killed Prince Ribbit
  9123 | D:8      | Reached skill level 8 in Long Blades
  9306 | D:8      | Noticed Grum
  9532 | D:7      | Killed Grum
  9776 | D:8      | Learned a level 4 spell: Cause Fear
  9810 | D:8      | Reached skill level 9 in Long Blades
 10933 | D:9      | Reached XP level 10. HP: 57/60 MP: 13/17
 11482 | D:9      | Reached *** piety under Ashenzari
 11513 | D:9      | Reached skill level 10 in Long Blades
 11940 | D:9      | Found a glowing silver altar of Zin.
 12053 | D:10     | Entered Level 10 of the Dungeon
 12302 | D:10     | Noticed an elephant
 12303 | D:10     | Found a staircase to the Lair.
 12342 | D:9      | Reached skill level 5 in Armour
 12514 | D:10     | Killed an elephant
 12734 | D:10     | Noticed a hill giant
 12846 | D:10     | Killed a hill giant
 12899 | D:10     | Noticed Sonja
 12907 | Lair:1   | Entered Level 1 of the Lair of Beasts
 13089 | Lair:1   | Found a dark tunnel.
 13098 | Volcano  | Entered a volcano
 13242 | Volcano  | Found a bloodstained altar of Trog.
 13242 | Volcano  | Noticed a hell knight
 13242 | Volcano  | Noticed an ogre mage
 13254 | Volcano  | Noticed a gargoyle
 13290 | Volcano  | Noticed a gargoyle
 13364 | Volcano  | Reached XP level 11. HP: 66/66 MP: 14/18
 13366 | Volcano  | Killed an ogre mage
 13366 | Volcano  | Reached skill level 5 in Dodging
 13665 | Volcano  | Mangled by a hell knight

Skill      XL: |  1  2  3  4  5  6  7  8  9 10 11 |
---------------+----------------------------------+-----
Long Blades    | 3 4 5 6 7 9 10 | 10.0
Translocations | 1 2 3 4 |  4.0
Hexes          | 1 2 3 4 5 6 7 8 |  8.0
Necromancy     | 1 2 3 |  3.0
Charms         | 4 5 7 9 |  9.0
Spellcasting   | 3 4 |  4.1
Armour         | 1 2 4 5 |  5.6
Shields        | 1 3 |  3.2
Dodging        | 4 5 |  5.5
Fighting       | 3 |  3.8

Action                   |  1- 3 |  4- 6 |  7- 9 | 10-12 || total
-------------------------+-------+-------+-------+-------++-------
Melee: Falchion          |    96 |   141 |       |       ||   237
       Dagger            |       |    71 |   609 |   400 ||  1080
 Fire: Blowgun           |       |       |     5 |    15 ||    20
Throw: Javelin           |     3 |     9 |       |     2 ||    14
 Cast: Infusion          |    21 |    32 |    40 |    19 ||   112
       Shroud of Golubri |       |    23 |    51 |    29 ||   103
       Spectral Weapon   |       |     2 |    28 |    26 ||    56
       Regeneration      |       |     1 |    11 |    24 ||    36
       Cause Fear        |       |       |     1 |       ||     1
       Slow              |       |       |       |     6 ||     6
Invok: Curse Item        |       |       |     2 |       ||     2
       Scrying           |       |       |       |     2 ||     2
Evoke: Wand              |       |       |       |     3 ||     3
  Use: Scroll            |       |    16 |     5 |     5 ||    26
       Potion            |       |       |     3 |     1 ||     4
 Stab: Sleeping          |       |     1 |       |       ||     1
       Distracted        |       |       |     8 |     8 ||    16
  Eat: Chunk             |     3 |    12 |    22 |     7 ||    44
       Beef jerky        |       |     1 |       |       ||     1
       Royal jelly       |       |       |     1 |       ||     1
       Bread ration      |       |       |       |     2 ||     2
Armor: Leather armour    |    35 |    57 |       |       ||    92
       Ring mail         |       |       |   144 |    86 ||   230
       Skin              |       |       |     7 |       ||     7
Dodge: Dodged            |    49 |   122 |   318 |   219 ||   708
Block: Buckler           |       |       |   117 |    76 ||   193
       Rpst.: Falchion   |    15 |    28 |       |       ||    43
